 Dungeon Crawl Stone Soup version 0.15-a0-1788-ga796aff (webtiles) character file.

2263 dhhex the Ruinous (level 9, 0/67 (68) HPs)
             Began as a Red Draconian Conjurer on June 27, 2014.
             Slain by an orc warrior
             ... wielding a +0 battleaxe
              (18 damage)
             ... on Level 7 of the Dungeon on June 29, 2014.
             The game lasted 02:26:44 (11315 turns).

dhhex the Ruinous (Red Draconian Conjurer)         Turns: 11315, Time: 02:26:45

HP   0/67 (68)   AC  7     Str 11      XL: 9   Next: 15%
MP   1/21        EV 15     Int 17      God:
Gold 228         SH  0     Dex 13      Spells:  3 memorised, 10 levels left

rFire  + . .     SeeInvis .     i - +0 spear
rCold  . . .     Clarity  .     (armour unavailable)
rNeg   . . .     rCorr    .     (no shield)
rPois  .         rRot     .     (helmet restricted)
rElec  .         Spirit   .     (no cloak)
SustAb .         Warding  .     (no gloves)
rMut   .         Stasis   .     (no boots)
Gourm  .                        (no amulet)
MR     .....                    (no ring)
                                (no ring)

@: short of breath, not resistant to hostile enchantments, unstealthy
A: breathe fire, unfitting armour, horns 1, stinger 1, fire resistance 1, spit
poison 1, cold-blooded, AC +7
a: Spit Poison, Breathe Fire


You were on level 7 of the Dungeon.
You were very hungry.

You visited 2 branches of the dungeon, and saw 8 of its levels.
You also visited: Sewer.

You collected 354 gold pieces.
You spent 126 gold pieces at shops.

Inventory:

Hand weapons
 a - a +0 club
 e - a +0 short sword
 h - a cursed -3 mace
 i - a +0 spear (weapon)
 n - a +0 quarterstaff
Missiles
 g - 3 tomahawks (quivered)
Armour
 j - a +0 animal skin
Magical devices
 p - a wand of polymorph (23)
 D - a wand of confusion (5)
Comestibles
 o - a meat ration
 z - 3 bread rations
Scrolls
 f - a scroll of amnesia
 l - a scroll of fear
 q - 3 scrolls of remove curse
 t - a scroll of enchant armour
 u - a scroll of teleportation
 x - a scroll of immolation
Jewellery
 m - a +3 ring of evasion {unknown}
Potions
 w - a potion of cure mutation
Books
 c - a book of Conjurations

   Spells                             Type                      Level
   *Magic Dart                        Conjuration                  1
   Searing Ray                        Conjuration                  2
   *Dazzling Spray                    Conjuration/Hexes            3
   Fulminant Prism                    Conjuration/Hexes            4
   *Iskenderun's Mystic Blast         Conjuration                  4
   Iskenderun's Battlesphere          Conjuration/Charms           5
 d - a book of Burglary

   Spells                             Type                      Level
   Swiftness                          Charms/Air                   2
   Passwall                           Transmutation/Earth          3
   Passage of Golubria                Translocation                4
   Lee's Rapid Deconstruction         Earth                        5
   Invisibility                       Hexes                        6
   Darkness                           Hexes                        7
 y - a book of Envenomations

   Spells                             Type                      Level
   Spider Form                        Transmutation/Poison         3
   Alistair's Intoxication            Transmutation/Poison         4
   Olgreb's Toxic Radiance            Poison                       4
   Poisonous Cloud                    Conjuration/Poison/Air       6
Miscellaneous
 r - a plain deck of war


   Skills:
 + Level 2.6 Fighting
 * Level 5.6 Polearms
 + Level 6.0 Dodging
 + Level 3.1 Stealth
 + Level 5.4 Spellcasting
 + Level 6.7 Conjurations


You had 10 spell levels left.
You knew the following spells:

 Your Spells              Type           Power        Failure   Level  Hunger
a - Magic Dart            Conj           ####         1%          1    None
b - Iskenderun's Mystic   Conj           ####....     10%         4    ####...
c - Dazzling Spray        Conj/Hex       ###.....     12%         3    ###....


Dungeon Overview and Level Annotations

Branches:
Dungeon (7/15)             Temple (1/1) D:5

Altars:
Cheibriados
Dithmenos
Elyvilon
Fedhas
Gozag
Kikubaaqudgha
Makhleb
Nemelex Xobeh
Okawaru
Qazlal
Sif Muna
Trog
Vehumet
Xom
Yredelemnul
Zin
The Shining One

Shops:
D:5 *

Annotations:
D:2 Sigmund
D:7 Pikel


Innate Abilities, Weirdness & Mutations

You can breathe blasts of fire.
Your fiery red scales are hard (AC +7).
Your body does not fit into most forms of armour.
Your flesh is heat resistant.
Your cold-blooded metabolism reacts poorly to cold.
You have a pair of small horns on your head.
Your tail ends in a poisonous barb.
You can spit poison.


Message History

The slave is engulfed in roaring flames.
You kill the slave!
That felt strangely unrewarding.
Casting: Magic Dart
Confirm with . or Enter, or press ? or * to list all spells.
Aiming: Magic Dart
Press: ? - help, Shift-Dir - straight line, f/p - orc warrior
Aim: an orc warrior, wielding a battleaxe and wearing a chain mail (severely wounded, bewildered and confused)
The magic dart hits the orc warrior.
The orc warrior is almost dead.
The orc warrior completely misses you.
You hit the orc warrior but do no damage.
The orc warrior is almost dead.
You hit the orc warrior but do no damage.
The orc warrior is almost dead.
The orc warrior seems less confused.
You hit the orc warrior but do no damage.
The orc warrior is almost dead.
The orc warrior hits you with a battleaxe!!
You die...

..###(##...#.#......##..#
..(.[).%...#....#.####.######
.......#...#...##.##........##
.......#.....##...#..........#
.............##.####........##
..............oo..##....#######
...........#.####..#..#.# ##.##
.............#####......# #...#
............[pKo@.......####..##
.......#.#.#.####.......##....#
####...#...#..###..........##.#
.........#.).#.......##.##.#
........(............##.##.#
...........##.(.....##.##)#
....................##..#.#
............###.###..##)#.#
.........#..# #.# #.......#


You could see Pikel, an orc warrior and a slave.

Vanquished Creatures
  An ice beast (D:5)
  2 slaves (D:7)
  Purgy (Sewer)
  A yellow wasp (D:7)
  An ogre (D:7)
  A necrophage (D:7)
  2 orc warriors
  A big kobold (D:7)
  2 scorpions
  A giant frog (D:5)
  9 crimson imps
  A giant frog zombie (D:7)
  4 jellies (D:7)
  4 hounds
  4 orc priests
  Natasha (thrice) (D:6)
  An iguana (D:6)
  4 orc wizards
  2 worker ants (D:7)
  An ogre zombie (D:6)
  Ijyb (D:7)
  A hound skeleton (D:7)
  A worker ant zombie (D:7)
  9 gnolls
  3 giant mites
  6 adders
  3 shadow imps
  2 worms
  An adder zombie (D:5)
  A gnoll skeleton (D:4)
  3 giant geckos
  29 orcs
  5 ball pythons
  A bat skeleton (D:6)
  6 giant cockroaches
  11 goblins
  22 hobgoblins
  8 jackals
  5 quokkas
  13 bats
  A giant cockroach zombie (D:5)
  A giant gecko skeleton (D:5)
  4 giant newts
  A hobgoblin zombie (D:7)
  3 jackal zombies (D:5)
  19 kobolds
  A kobold skeleton (D:4)
  15 rats
  A rat zombie (D:6)
  A ballistomycete (D:6)
224 creatures vanquished.

Vanquished Creatures (others)
  3 giant spores (D:6)
3 creatures vanquished.

Grand Total: 227 creatures vanquished

Notes
Turn   | Place    | Note
--------------------------------------------------------------
     0 | D:1      | dhhex, the Draconian Conjurer, began the quest for the Orb.
     0 | D:1      | Reached XP level 1. HP: 14/14 MP: 3/3
    77 | D:1      | Upgraded the game from 0.15-a0-1729-g99b9770 to 0.15-a0-1766-g0ee8742
   246 | D:1      | Reached XP level 2. HP: 20/20 MP: 2/4
   718 | D:1      | Reached XP level 3. HP: 26/26 MP: 4/6
  1482 | D:2      | Reached skill level 1 in Polearms
  1776 | D:2      | Reached XP level 4. HP: 25/33 MP: 3/7
  2183 | D:2      | Noticed Sigmund
  2666 | D:3      | Found a shadowy altar of Dithmenos.
  2678 | D:3      | Found a snail-covered altar of Cheibriados.
  2679 | D:3      | Found a glowing golden altar of the Shining One.
  2688 | D:3      | Found a glowing silver altar of Zin.
  2689 | D:3      | Found an opulent altar of Gozag.
  2767 | D:3      | Reached skill level 5 in Conjurations
  2937 | D:3      | Reached XP level 5. HP: 34/39 MP: 6/9
  3125 | D:3      | Reached skill level 1 in Fighting
  3298 | D:3      | Found a sparkling altar of Nemelex Xobeh.
  4136 | D:4      | Learned a level 4 spell: Iskenderun's Mystic Blast
  4231 | D:4      | Reached XP level 6. HP: 43/47 MP: 4/12
  4673 | D:4      | Found a shadowy altar of Dithmenos.
  5225 | D:5      | Entered Level 5 of the Dungeon
  5549 | D:5      | Found a glowing drain.
  5593 | Sewer    | Entered a sewer
  5774 | Sewer    | Noticed Purgy
  5788 | Sewer    | Killed Purgy
  6201 | D:5      | Found Acvagig's General Store.
  6207 | D:5      | Bought 2 potions of heal wounds for 84 gold pieces
  6207 | D:5      | Bought a potion of heal wounds for 42 gold pieces
  6244 | D:5      | Your scales start taking on a fiery red colour.
  6244 | D:5      | Gained mutation: Your flesh is heat resistant. [draconian maturity]
  6244 | D:5      | Reached XP level 7. HP: 45/53 MP: 10/15
  6333 | D:5      | Found a staircase to the Ecumenical Temple.
  6383 | Temple   | Entered the Ecumenical Temple
  6720 | D:6      | Upgraded the game from 0.15-a0-1766-g0ee8742 to 0.15-a0-1788-ga796aff
  6778 | D:6      | Gained mutation: Your flesh is cold resistant. [potion of mutation]
  6778 | D:6      | Gained mutation: You have large cloven feet. [potion of mutation]
  6778 | D:6      | Gained mutation: Your magical capacity is low (-10% MP). [potion of mutation]
  6780 | D:6      | Lost mutation: Your magical capacity is low (-10% MP). [potion of cure mutation]
  6780 | D:6      | Lost mutation: Your flesh is cold resistant. [potion of cure mutation]
  6780 | D:6      | Lost mutation: You have large cloven feet. [potion of cure mutation]
  6824 | D:6      | Paralysed by a potion of paralysis for 6 turns
  6852 | D:6      | Noticed Natasha
  6857 | D:6      | Killed Natasha
  7005 | D:6      | Noticed Natasha
  7008 | D:6      | Killed Natasha
  7216 | D:6      | Noticed Natasha
  7235 | D:6      | Killed Natasha
  7595 | D:6      | Learned a level 3 spell: Dazzling Spray
  7834 | D:6      | Reached skill level 6 in Conjurations
  7961 | D:6      | Reached XP level 8. HP: 49/61 MP: 1/18
  8867 | D:7      | Noticed Ijyb
  8878 | D:7      | Killed Ijyb
  9143 | D:7      | Noticed Pikel
  9164 | D:7      | Reached skill level 5 in Dodging
  9662 | D:7      | Reached skill level 5 in Polearms
  9662 | D:7      | Reached skill level 5 in Spellcasting
 10068 | D:7      | Gained mutation: You can spit poison. [potion of mutation]
 10068 | D:7      | Gained mutation: Your tail ends in a poisonous barb. [potion of mutation]
 10068 | D:7      | Gained mutation: You have a pair of small horns on your head. [potion of mutation]
 10254 | D:7      | Reached XP level 9. HP: 65/65 MP: 16/21
 10768 | D:7      | Found a bloodstained altar of Trog.
 11315 | D:7      | Slain by an orc warrior

Action                   |  1- 3 |  4- 6 |  7- 9 || total
-------------------------+-------+-------+-------++-------
Melee: Unarmed           |     2 |       |       ||     2
       Short sword       |    13 |       |       ||    13
       Spear             |    40 |   258 |   240 ||   538
Throw: Stone             |       |     1 |     1 ||     2
 Cast: Magic Dart        |    70 |   167 |   325 ||   562
       Iskenderun's Myst |       |     3 |    20 ||    23
       Dazzling Spray    |       |       |    13 ||    13
 Abil: Breathe Fire      |       |       |    20 ||    20
       Spit Poison       |       |       |     2 ||     2
Evoke: Wand              |       |       |     7 ||     7
  Use: Scroll            |     2 |    12 |     8 ||    22
       Potion            |     4 |     1 |    21 ||    26
 Stab: Confused          |       |       |     3 ||     3
       Distracted        |       |       |     1 ||     1
